AoeStats
← BichoPalo7978

Arena

510325120Analyzed
1v1 RM · 2d ago on Sep 30, 2026· 43m 20s· 2 players
Game mode
Random Map
Map size
Tiny (2 player)
Population
200
Speed
Normal
Resources
Standard
Victory
Conquest
Starting age
Dark Age
Ending age
Imperial Age
RankedLock teamsTeams togetherTeam positionsShared explorationLock speedFull tech treeHidden civsTurbo modeCheats
Victory
Defeat
🇦🇷 Portuguese · Argentina
151
+12
🇪🇸 Maya · Spain
52
-12
BichoPalo7978
0:39 Loom
12:59 Feudal Age
14:40 Wheelbarrow
19:34 Double-Bit Axe
25:26 Castle Age
38:19 Imperial Age
36:57 Horse Collar
37:43 Fletching
37:54 Arson
40:46 Conscription
41:01 Bow Saw
42:28 Hand Cart
42:01 Town Watch
MAGICO
12:59 Feudal Age
17:24 Castle Age
17:03 Double-Bit Axe
17:07 Man-at-Arms
24:38 Gold Mining
26:43 Stone Mining
26:58 Scale Mail Armor
28:06 Horse Collar
28:52 Bow Saw
29:43 Heavy Plow
32:11 Long Swordsman
32:38 Arson
38:29 Stone Shaft Mining
41:07 Imperial Age
38:57 Husbandry
40:55 Wheelbarrow
41:02 Devotion
41:18 Fortified Wall
42:55 Chemistry
41:52 Crossbowman
Connection lost

Rejoining the realm…

Still unreachable

The connection could not be restored.

Session expired

The server has moved on; the page needs a fresh start.